 Dungeon Crawl Stone Soup version 0.19-a0-1201-gda63bca (webtiles) character file.

1219 hairmachine the Carver (level 8, -2/82 HPs)
             Began as a High Elf Berserker on Aug 20, 2016.
             Was a Priest of Trog.
             Slain by Prince Ribbit (6 damage)
             ... on level 5 of the Dungeon.
             The game lasted 00:17:57 (7161 turns).

hairmachine the Carver (High Elf Berserker)         Turns: 7161, Time: 00:17:58

Health: -2/82      AC:  2    Str: 23    XL:     8   Next: 23%
Magic:  9/9        EV: 13    Int: 11    God:    Trog [***...]
Gold:   259        SH:  0    Dex: 15    Spells: 0 memorised, 7 levels left

rFire  . . .     SeeInvis .     v - +1 long sword (holy)
rCold  . . .     Gourm    .     x - +0 scale mail
rNeg   . . .     Faith    .     (no shield)
rPois  .         Spirit   .     (no helmet)
rElec  .         Dismiss  .     (no cloak)
rCorr  .         Reflect  .     (no gloves)
MR     .....     Harm     .     (no boots)
Stlth  ..........               (no amulet)
                                (no ring)
                                (no ring)

@: berserking (expiring), corroded, very quick
A: no striking features
a: Berserk, Trog's Hand, Burn Spellbooks, Renounce Religion


You were on level 5 of the Dungeon.
You worshipped Trog.
Trog was most pleased with you.
You were hungry.

You visited 1 branch of the dungeon, and saw 5 of its levels.

You collected 259 gold pieces.

Inventory:

Hand Weapons
 v - a +1 long sword of holy wrath (weapon)
Missiles
 j - 94 stones (quivered)
 s - 25 arrows
Armour
 x - a +0 scale mail (worn)
Jewellery
 m - a +6 ring of evasion {unknown}
Wands
 a - a wand of polymorph (8/24)
 r - a wand of heal wounds (5/9)
Scrolls
 d - a scroll of identify
 i - 3 scrolls of random uselessness {unknown}
 l - a scroll of immolation {unknown}
 n - a scroll of teleportation
 p - 2 scrolls of blinking {unknown}
 q - a scroll of enchant weapon {unknown}
 t - a scroll of recharging {unknown}
 u - a scroll of remove curse {unknown}
 w - a scroll of enchant armour {unknown}
Potions
 b - 6 potions of curing
 e - a potion of heal wounds {unknown}
 h - 3 potions of degeneration {unknown}
Comestibles
 c - 3 bread rations
 f - a royal jelly
 g - 2 meat rations
 k - a slice of pizza
 o - 5 fruits


   Skills:
 + Level 5.1 Fighting
 + Level 9.6 Long Blades
 - Level 1.7 Armour
 + Level 5.8 Dodging


You had 7 spell levels left.
You didn't know any spells.

Dungeon Overview and Level Annotations

Branches:
Dungeon (5/15)
 Temple: D:4-7

Altars:
Dithmenos
Okawaru
Qazlal

Shops:
D:4 [

Annotations:
D:5 Prince Ribbit


Message History

Trog accepts your kill.
You are too injured to fight recklessly!
You are too injured to fight recklessly!
You are too injured to fight recklessly!
Prince Ribbit barely misses you.
You riposte.
You miss Prince Ribbit.
Prince Ribbit is heavily wounded.
You miss Prince Ribbit.
Prince Ribbit is heavily wounded.
Prince Ribbit blinks!
You feel a strong urge to attack something.
Prince Ribbit hits you!
* * * LOW HITPOINT WARNING * * *
You hit Prince Ribbit.
Prince Ribbit is severely wounded.
Prince Ribbit blinks!
You closely miss Prince Ribbit.
Prince Ribbit is severely wounded.
You are feeling hungry.
Prince Ribbit hits you.
You die...

###...#####.......##
##..# #......##
#..## ########
#.).## #######....#
#..........#
#..........##
#####...ยง.##
#...@.# ##..F..##
#.......# #.......#
#........##
#..#.......#
#.#####....## #.#
###...## .# ##...##


You could see Prince Ribbit.

Vanquished Creatures
  Grinder (D:5)
  Eustachio (D:5)
  Edmund (D:5)
  An ice beast (D:5)
  A phantom (D:4)
  An ogre (D:4)
  A scorpion (D:4)
  A crimson imp (D:5)
  A hound (D:4)
  A jelly (D:5)
  An orc priest (D:4)
  4 orc wizards
  2 worker ants
  4 adders
  A river rat (D:4)
  An ooze (D:1)
  An adder zombie (D:5)
  4 worms
  3 dart slugs
  4 giant geckos
  17 orcs
  4 giant cockroaches
  13 goblins
  9 hobgoblins
  9 jackals
  5 kobolds
  2 quokkas (D:4)
  A ball python (D:4)
  3 bats
  2 giant gecko skeletons (D:4)
  5 giant newts
  A jackal skeleton (D:4)
  14 rats
120 creatures vanquished.

Notes
Turn   | Place    | Note
-------+----------+-------------------------------------------
     0 | D:1      | hairmachine the High Elf Berserker began the quest for the Orb.
     0 | D:1      | Reached XP level 1. HP: 16/16 MP: 2/2
   182 | D:1      | Reached skill level 4 in Long Blades
   283 | D:1      | Reached XP level 2. HP: 20/21 MP: 3/3
   929 | D:1      | Reached skill level 5 in Long Blades
  1072 | D:1      | Reached XP level 3. HP: 26/26 MP: 4/4
  2196 | D:2      | Found a stormy altar of Qazlal.
  2231 | D:2      | Found an iron altar of Okawaru.
  2408 | D:2      | Reached ** piety under Trog
  2501 | D:2      | Reached XP level 4. HP: 24/31 MP: 5/5
  2586 | D:2      | Reached skill level 6 in Long Blades
  3593 | D:3      | Reached XP level 5. HP: 31/36 MP: 6/6
  4174 | D:4      | Found a shadowy altar of Dithmenos.
  4310 | D:4      | Reached skill level 7 in Long Blades
  4547 | D:4      | Noticed an ogre
  4574 | D:4      | Killed an ogre
  4574 | D:4      | Reached XP level 6. HP: 15/42 MP: 7/7
  5192 | D:4      | Found Yptio's Armour Boutique.
  5329 | D:4      | Reached skill level 8 in Long Blades
  5336 | D:4      | Reached *** piety under Trog
  5833 | D:4      | Reached XP level 7. HP: 45/47 MP: 8/8
  6112 | D:5      | Entered Level 5 of the Dungeon
  6112 | D:5      | Noticed Eustachio
  6165 | D:5      | Noticed Grinder
  6165 | D:5      | Paralysed by Grinder for 6 turns
  6182 | D:5      | Killed Grinder
  6182 | D:5      | Reached skill level 5 in Dodging
  6373 | D:5      | Killed Eustachio
  6373 | D:5      | Reached skill level 9 in Long Blades
  6766 | D:5      | Reached XP level 8. HP: 40/54 MP: 9/9
  6989 | D:5      | Noticed Edmund
  7006 | D:5      | Killed Edmund
  7006 | D:5      | Reached skill level 5 in Fighting
  7133 | D:5      | Noticed Prince Ribbit
  7159 | D:5      | HP: 4/82 [Prince Ribbit (14)]
  7161 | D:5      | Slain by Prince Ribbit

Vault maps used:
D:1:      eino_arrival_cavern_a, kennysheep_boxes
D:2:      marbit_many_paths, first_bread, grunt_decor_cap, okawaru_trees_2
D:4:      grunt_dithmenos_smoke_and_mirrors, serial_shops, nicolae_shop_trees,
          portal_sewer_entry_c, kennysheep_opposing_triangles
D:5:      kennysheep_mini, uniq_grinder, uniq_prince_ribbit1, uniq_eustachio,
          uniq_edmund

Skill      XL: |  1  2  3  4  5  6  7  8 |
---------------+-------------------------+-----
Long Blades    | 4 5 6 7 8 9 |  9.6
Dodging        | 3 4 5 |  5.8
Fighting       | 4 5 |  5.1
Armour         | |  1.7

Action                   |  1- 3 |  4- 6 |  7- 9 || total
-------------------------+-------+-------+-------++-------
Melee: Falchion          |   169 |   206 |       ||   375
       Long sword        |       |    59 |   117 ||   176
Throw: Stone             |     6 |    12 |     2 ||    20
Invok: Berserk           |     1 |     5 |     2 ||     8
  Use: Scroll            |       |     3 |       ||     3
       Potion            |       |       |     1 ||     1
  Eat: Chunk             |     6 |    15 |     5 ||    26
       Pizza             |       |     1 |       ||     1
Armor: Ring mail         |    34 |    44 |    10 ||    88
       Scale mail        |       |       |     4 ||     4
Dodge: Dodged            |    61 |   100 |    41 ||   202
